 Dungeon Crawl Stone Soup version 0.29-a0-911-g88e6f02907 (webtiles) character file.

Game seed: 14300402914119789566

81 dolemite99 the Ruffian (level 4, 0/33 HPs)
             Began as a Ghoul Enchanter on July 26, 2022.
             Was a Believer of Fedhas.
             Slain by a kobold brigand
             ... wielding a +0 dagger
              (2 damage)
             ... in a sewer.
             The game lasted 00:02:58 (3321 turns).

dolemite99 the Ruffian (Ghoul Enchanter)            Turns: 3321, Time: 00:02:59

Health: 0/33       AC:  5    Str: 13    XL:     4   Next: 42%
Magic:  5/5        EV: 10    Int: 16    God:    Fedhas [**....]
Gold:   98         SH:  0    Dex:  9    Spells: 6/6 levels left

rFire   . . .      SeeInvis .     - Unarmed
rCold   + . .      Faith    .   (no shield)
rNeg    + + +      Spirit   .   e - +0 ring mail
rPois   ∞          Reflect  .   (no helmet)
rElec   .          Harm     .   (no cloak)
rCorr   .          Rampage  .   (no gloves)
Will    .....                   (no boots)
Stlth   +.........              (no amulet)
HPRegen 0.00/turn               p - +6 ring of intelligence
MPRegen 0.09/turn               (no ring)

@: inhibited regen, invisible
A: claws 1, cold resistance 1, negative energy resistance 3, inhibited
regeneration, torment resistance 2, devour on kill
a: Renounce Religion, Wall of Briars


You were in a sewer.
You worshipped Fedhas.
Fedhas was pleased with you.
You visited 1 branch of the dungeon, and saw 3 of its levels.
You also visited: Sewer.

You collected 98 gold pieces.

Inventory:

Hand Weapons
 a - a +1 dagger
Armour
 b - a +0 robe
 e - a +0 ring mail (worn)
Jewellery
 p - a +6 ring of intelligence (left claw)
Wands
 o - a wand of iceblast (1)
Scrolls
 d - a scroll of teleportation {unknown}
 g - a scroll of butterflies {unknown}
 h - 3 scrolls of identify {unknown}
 i - a scroll of summoning {unknown}
 n - a scroll of enchant weapon {unknown}
Potions
 j - a potion of curing {unknown}
 k - a potion of haste {unknown}
 l - 2 potions of might {unknown}


   Skills:
 - Level 0.8 Short Blades
 - Level 1.7 Dodging
 - Level 3.2 Stealth
 + Level 4.3 Unarmed Combat
 - Level 1.7 Spellcasting
 - Level 2.4 Hexes


You had 6 spell levels left.
You didn't know any spells.
Your spell library contained the following spells:

 Spells                   Type           Power      Damage    Failure   Level
 Ensorcelled Hibernation  Hex/Ice        10%        N/A       41%         2
 Confusing Touch          Hex            9%         N/A       45%         3
 Tukima's Dance           Hex            9%         N/A       45%         3
 Scorch                   Fire           2%         2d5       56%         2
 Dazzling Flash           Conj/Hex       10%        N/A       65%         3
 Flame Wave               Conj/Fire      1%         2d4       99%         4
 Summon Cactus Giant      Summ           0%         N/A       100%        6


Dungeon Overview and Level Annotations

Branches:
Dungeon (3/15)              Sewer (1/1)

Altars:
Fedhas
Nemelex Xobeh


Innate Abilities, Weirdness & Mutations

You are immune to poison.
You have sharp fingernails.
Your flesh is cold resistant. (rC+)
You are immune to negative energy. (rN+++)
You do not regenerate when monsters are visible.
You are immune to unholy pain and torment.
You thrive by killing the living.


Message History

You feel better. The bat misses you.
You closely miss the bat. The bat closely misses you. The bat misses you.
You scratch the kobold brigand.
The kobold brigand is lightly wounded.
The bat closely misses you. The kobold brigand closely misses you.
You scratch the kobold brigand but do no damage.
The kobold brigand is lightly wounded.
The bat misses you. The bat hits you.
* * * LOW HITPOINT WARNING * * *
The bat barely misses you.
The kobold brigand hits you with a +0 dagger.
* * * LOW HITPOINT WARNING * * *
You scratch the kobold brigand.
The kobold brigand is moderately wounded.
The bat hits you but does no damage.
The kobold brigand hits you but does no damage.
You barely miss the kobold brigand.
The kobold brigand is moderately wounded.
The bat hits you but does no damage. The kobold brigand closely misses you.
You closely miss the kobold brigand.
The kobold brigand is moderately wounded.
The bat hits you but does no damage. The bat barely misses you.
The kobold brigand hits you with a +0 dagger.
* * * LOW HITPOINT WARNING * * *
You scratch the kobold brigand.
The kobold brigand is heavily wounded.
The bat hits you but does no damage.
The kobold brigand completely misses you.
The kobold throws a stone.
The stone closely misses the kobold brigand.
The stone closely misses you.
You barely miss the kobold brigand.
The kobold brigand is heavily wounded.
The bat misses you. The bat hits you but does no damage.
You barely miss the kobold brigand.
The kobold brigand is heavily wounded.
The bat barely misses you.
The kobold brigand hits you with a +0 dagger.
You die...
Fedhas appreciates your contribution to the ecosystem.

.#.............≈≈#...#.....⌠.
.......(((()..≈≈≈≈...'.K._...
.#...........).≈≈#..K#.b...⌠.
.####≈#≈≈###≈#.####Z###K.⌠...
.# ≈≈≈≈≈≈≈≈≈≈≈...#Kb≈# .....#
.#≈≈≈≈≈≈≈≈≈≈≈≈≈..#K≈≈# +++##
.#≈≈≈≈≈≈≈≈≈≈≈≈≈..#b≈≈#
.#≈≈≈≈≈≈≈≈≈≈≈≈≈≈.#.≈≈#
.#≈≈≈≈≈≈≈≈≈≈≈≈≈≈@#K≈≈# .#
≈≈≈≈≈≈≈≈≈≈b.KKZ≈#
.##################.##
.#≈≈≈≈≈≈≈ ≈≈# ..≈≈≈≈≈≈≈ ≈≈#
.#≈≈≈≈≈≈≈ ≈≈# ######### ###


You could see a kobold brigand (unable to see you), an adder zombie (wandering,
unable to see you), a bat and a kobold (unable to see you).

Vanquished Creatures
  An adder (D:2)
  An ufetubus (Sewer)
  2 dart slugs (D:2)
  2 ball pythons
  2 endoplasms
  5 giant cockroaches
  A goblin (D:2)
  8 hobgoblins
  8 jackals
  7 kobolds
  4 quokkas
  7 bats
  6 frilled lizards
  2 kobold zombies (Sewer)
  2 rats (D:1)
58 creatures vanquished.

Vanquished Creatures (others)
  A shadow imp (Sewer)
  A ball python (Sewer)
  A kobold (Sewer)
  A fungus (D:1)
  6 plants
10 creatures vanquished.

Grand Total: 68 creatures vanquished

Notes
Turn   | Place    | Note
-------+----------+-------------------------------------------
     0 | D:1      | dolemite99 the Ghoul Enchanter began the quest for the Orb.
     0 | D:1      | Reached XP level 1. HP: 14/14 MP: 2/2
   735 | D:1      | Reached skill level 1 in Unarmed Combat
   891 | D:1      | Reached XP level 2. HP: 18/20 MP: 3/3
   903 | D:1      | Reached skill level 2 in Unarmed Combat
  1122 | D:1      | Found a faded altar of an unknown god.
  1163 | D:1      | Prayed at the altar of an unknown god.
  1163 | D:1      | Became a worshipper of Fedhas Madash
  1163 | D:1      | Reached * piety under Fedhas
  1615 | D:1      | Reached XP level 3. HP: 25/26 MP: 4/4
  1805 | D:2      | Reached skill level 3 in Unarmed Combat
  1944 | D:2      | Found a sparkling altar of Nemelex Xobeh.
  2500 | D:2      | Reached ** piety under Fedhas
  2878 | D:3      | Reached XP level 4. HP: 33/33 MP: 5/5
  2914 | D:3      | Reached skill level 4 in Unarmed Combat
  3016 | D:3      | Found a glowing drain.
  3045 | Sewer    | Entered a sewer
  3278 | Sewer    | Found an ancient bone altar of Kikubaaqudgha.
  3278 | Sewer    | Noticed a kobold brigand
  3321 | Sewer    | Slain by a kobold brigand

Illustrated notes

Levels and vault maps discovered:
D:1:      co_arrival_random_square_maze, layout_loops_ring,
          shapermc_ecumenical_altar_ellora
D:2:      layout_basic, basic_altar
D:3:      layout_basic, cheibrodos_sewer_entry_sluice, serial_bayou_lagoon_a,
          uniq_robin, uniq_natasha
Sewer:    kennysheep_sewer_church

Skill      XL: |  1  2  3  4 |
---------------+-------------+-----
Unarmed Combat | 1 2 3 4 |  4.3
Short Blades   | |  0.8
Dodging        | |  1.7
Stealth        | |  3.2
Spellcasting   | |  1.7
Hexes          | |  2.4

Action                   |  1- 3 |  4- 6 || total
-------------------------+-------+-------++-------
Melee: Unarmed           |   115 |    86 ||   201
       Dagger            |    69 |       ||    69
       Punch             |     5 |       ||     5
Throw: Dart              |    35 |    14 ||    49
  Use: Potion            |     2 |     2 ||     4
 Stab: Invisible         |     1 |       ||     1
Armor: Ring mail         |    67 |    84 ||   151
Dodge: Dodged            |   103 |   105 ||   208

Table legend: (Time is in decaauts)
 A = Elapsed time spent in this place.
 B = Non-inter-level travel time spent in this place.
 C = Inter-level travel time spent in this place.
 D = Time resting spent in this place.
 E = Time spent auto-exploring this place.
 F = Levels seen in this place.
 G = Mean time per level.
                   A        B        C        D        E       F      G
               +--------+--------+--------+--------+--------+-----+--------+
         Total |   3311 |   3288 |     23 |   1033 |   1573 |   4 |  827.8 |
       Dungeon |   3037 |   3014 |     23 |   1004 |   1434 |   3 | 1012.3 |
         Sewer |    273 |    273 |      0 |     29 |    138 |   1 |  273.0 |
               +--------+--------+--------+--------+--------+-----+--------+

Top non-repeatable levels by time:
     D:1: 1785 daAuts
     D:2: 1094 daAuts
   Sewer: 273 daAuts
     D:3: 157 daAuts
